 Dungeon Crawl Stone Soup version 0.28-a0-413-gde365fb1df (webtiles) character file.

Game seed: 10783382199714341348

2373 senseless the Magician (level 9, -2/59 HPs)
             Began as a Djinni Fire Elementalist on Sept 7, 2021.
             Was a Follower of Qazlal.
             Killed from afar by a gargoyle (11 damage)
             ... with a stone arrow
             ... on level 7 of the Dungeon.
             The game lasted 00:26:39 (8367 turns).

senseless the Magician (Djinni Fire Elementalist)   Turns: 8367, Time: 00:26:39

Health: -2/59      AC:  7    Str:  7    XL:     9   Next: 73%
Gold:   261        EV: 14    Int: 20    God:    Qazlal [*.....] SH:  2 Dex: 14

rFire   + + .      SeeInvis .   n - +2 spear (antimagic)
rCold   x . .      Faith    .   (no shield)
rNeg    . . .      Spirit   .   a - +0 robe
rPois   ∞          Reflect  .   m - +0 helmet
rElec   .          Harm     .   (no cloak)
rCorr   .          Rampage  .   (no gloves)
Will    .....                   (boots unavailable)
Stlth   ++........              (no amulet)
HPRegen 0.19/turn               i - +4 ring of protection
MPRegen 0.00/turn               (no ring)

@: marked, flying
A: sickness immunity, fire resistance 2, cold vulnerability 1, float, innate
caster, hp casting, extra vitality 1
a: Renounce Religion


You were on level 7 of the Dungeon.
You worshipped Qazlal.
Qazlal was aware of your devotion.
You visited 2 branches of the dungeon, and saw 8 of its levels.

You collected 261 gold pieces.

Inventory:

Hand Weapons
 e - a +0 dagger
 h - a +1 vorpal mace
 n - a +2 antimagic spear (weapon)
Missiles
 t - 13 poisoned darts
Armour
 a - a +0 robe (worn)
 m - a +0 helmet (worn)
Jewellery
 i - a +4 ring of protection (left hand)
Wands
 j - a wand of digging (6)
 v - a wand of mindburst (14)
Scrolls
 g - 2 scrolls of teleportation
 o - 2 scrolls of fog
 p - a scroll of silence
 q - a scroll of magic mapping
 s - a scroll of fear {unknown}
 u - 2 scrolls of blinking
 w - a scroll of identify
Potions
 b - a potion of flight
 c - a potion of lignification
 d - 2 potions of haste
 f - a potion of curing
 k - a potion of resistance
 l - a potion of heal wounds
 r - a potion of magic {unknown}


   Skills:
 + Level 2.7 Fighting
 + Level 0.5 Maces & Flails
 + Level 3.5 Polearms
 + Level 4.9 Dodging
 + Level 4.4 Stealth
 + Level 0.4 Shields
 + Level 0.4 Unarmed Combat
 + Level 7.4 Spellcasting


You couldn't memorise any spells.
You knew the following spells:

 Your Spells              Type           Power      Damage    Failure   Level
a - Foxfire               Conj/Fire      100%       2x1d9     1%          1
b - Scorch                Fire           74%        2d8       1%          2
c - Conjure Flame         Conj/Fire      37%        6-21      1%          3
d - Inner Flame           Hex/Fire       37%        N/A       1%          3
e - Flame Wave            Conj/Fire      37%        3d8       4%          4
f - Sandblast             Erth           74%        2d16      1%          1
g - Passwall              Tmut/Erth      30%        N/A       1%          2
h - Summon Guardian Gole  Hex/Summ       37%        N/A       1%          3
i - Frozen Ramparts       Ice            74%        1d9       1%          3
Your spell library was empty.

Dungeon Overview and Level Annotations

Branches:
Dungeon (7/15)             Temple (1/1) D:6

Altars:
Ashenzari
Cheibriados
Dithmenos
Elyvilon
Fedhas
Gozag
Hepliaklqana
Kikubaaqudgha
Makhleb
Nemelex Xobeh
Okawaru
Qazlal
Ru
Sif Muna
Trog
Wu Jian
Xom
Yredelemnul
Zin
The Shining One

Shops:
D:6 =

Annotations:
D:5 5 runed translucent doors


Innate Abilities, Weirdness & Mutations

You are immune to sickness and miasma.
You are immune to poison.
Your flesh is very heat resistant. (rF++)
You are vulnerable to cold. (rC-)
You float through the air rather than walking.
You learn spells naturally, not from books.
Your magical power is your life essence.
You have superior vitality. (+4 HP)


Message History

The gargoyle misses you.
Casting: Scorch (safe; 1% risk of failure)
Confirm with . or Enter, or press ? or * to list all spells.
Flames lash the gargoyle but do no damage.
Your foxfire dissipates! x2
The gargoyle barely misses you.
Casting: Scorch (safe; 1% risk of failure)
Confirm with . or Enter, or press ? or * to list all spells.
Casting: Flame Wave (dangerous; 4% risk of failure)
Press: ? - help, Dir - look around, f - activate A wave of flame ripples out!
The flame wave engulfs the gargoyle but does no damage. (Press . to intensify the flame waves.)
The gargoyle hits you with a +0 flail!
A wave of flame ripples out!
The flame wave engulfs the gargoyle!
The gargoyle is moderately damaged.
The flame wave engulfs the white imp!!
The white imp is burned terribly!
You kill the white imp!
Qazlal accepts your kill. The gargoyle hits you with a +0 flail!
* * * LOW HITPOINT WARNING * * *
A wave of flame ripples out!
The flame wave engulfs the gargoyle!
The gargoyle is almost destroyed.
* * * LOW HITPOINT WARNING * * *
You finish channelling waves of flame.
The gargoyle closely misses you.
Casting: Flame Wave (dangerous; 4% risk of failure)
Confirm with . or Enter, or press ? or * to list all spells.
Flames lash the gargoyle but do no damage.
* * * LOW HITPOINT WARNING * * *
The gargoyle hurls a stone arrow at you.
The stone arrow misses you.
Casting: Scorch (safe; 1% risk of failure)
Confirm with . or Enter, or press ? or * to list all spells.
Flames lash the gargoyle.
The gargoyle is almost destroyed.
The gargoyle's fire resistance burns away.
* * * LOW HITPOINT WARNING * * *
The gargoyle hurls a stone arrow at you.
The stone arrow hits you!
You die...

### .... #####....
#........
######........
#....'........
###@####......#
#...9..#......#
#......#.######
#......#.###########
+......'............
####......#.#####......
#..'.<....#.# #......
#.##......#.# #......
#.#########.##########.


You could see a gargoyle (inflammable).

Vanquished Creatures
  2 centaur zombies (D:6)
  A troll (D:6)
  A wyvern (D:5)
  A water moccasin (D:3)
  An ice beast (D:7)
  3 ogres
  A necrophage (D:5)
  2 kobold brigands
  2 bullfrogs
  3 scorpions
  A water moccasin skeleton (D:5)
  A howler monkey (D:5)
  4 hounds
  A jelly (D:4)
  A gnoll shaman (D:6)
  2 bullfrog skeletons
  3 iguanas
  14 gnolls
  A howler monkey skeleton (D:5)
  3 adders
  A shadow imp (D:5)
  A white imp (D:7)
  An ufetubus (D:5)
  2 worms
  5 dart slugs
  6 orcs
  8 bats
  3 endoplasms
  9 giant cockroaches
  7 goblins
  9 hobgoblins
  7 jackals
  17 kobolds
  5 quokkas
  2 ball pythons
  A ball python zombie (D:3)
  3 frilled lizards
  4 rats
139 creatures vanquished.

Vanquished Creatures (collateral kills)
  2 foxfires (D:4)
2 creatures vanquished.

Vanquished Creatures (others)
  330 foxfires
  A fungus (D:4)
331 creatures vanquished.

Grand Total: 472 creatures vanquished

Notes
Turn   | Place    | Note
-------+----------+-------------------------------------------
     0 | D:1      | senseless the Djinni Fire Elementalist began the quest for
                  | the Orb.
     0 | D:1      | Reached XP level 1. HP: 15/15 MP: 0/0
   325 | D:1      | Reached XP level 2. HP: 18/21 MP: 0/0
   772 | D:1      | Reached skill level 3 in Spellcasting
   818 | D:1      | Reached XP level 3. HP: 22/25 MP: 0/0
   818 | D:1      | Learned a level 1 spell: Sandblast
  2132 | D:2      | Reached XP level 4. HP: 29/31 MP: 0/0
  2933 | D:3      | Found a white marble altar of Elyvilon.
  3011 | D:3      | Noticed a water moccasin
  3015 | D:3      | Killed a water moccasin
  3016 | D:3      | Reached skill level 4 in Spellcasting
  3016 | D:3      | Reached XP level 5. HP: 15/35 MP: 0/0
  3016 | D:3      | Learned a level 2 spell: Passwall
  3240 | D:3      | Reached XP level 6. HP: 36/40 MP: 0/0
  3271 | D:3      | Found an iron altar of Okawaru.
  3859 | D:4      | Found a blossoming altar of Fedhas.
  3861 | D:4      | Found a stormy altar of Qazlal.
  3867 | D:4      | Became a worshipper of Qazlal Stormbringer
  4232 | D:4      | Reached XP level 7. HP: 35/46 MP: 0/0
  4232 | D:4      | Learned a level 3 spell: Summon Guardian Golem
  4525 | D:4      | Reached skill level 5 in Spellcasting
  4718 | D:4      | Reached * piety under Qazlal
  5212 | D:5      | Entered Level 5 of the Dungeon
  5222 | D:5      | Reached skill level 1 in Polearms
  5245 | D:5      | Reached skill level 1 in Fighting
  5245 | D:5      | Reached XP level 8. HP: 30/52 MP: 0/0
  5518 | D:5      | Noticed a wyvern
  5525 | D:5      | Killed a wyvern
  5526 | D:5      | Reached skill level 6 in Spellcasting
  5776 | D:5      | Noticed a redback
  5776 | D:5      | Noticed a redback
  6010 | D:5      | Found a burning altar of Makhleb.
  6027 | D:5      | Found a runed translucent door.
  6031 | D:5      | Found a runed translucent gate.
  6033 | D:5      | Found a runed translucent gate.
  6033 | D:5      | Found a runed translucent gate.
  6035 | D:5      | Noticed a redback
  6035 | D:5      | Noticed a redback
  6035 | D:5      | Noticed a redback
  6035 | D:5      | Noticed a redback
  6042 | D:5      | Found a runed translucent door.
  6050 | D:5      | Found the +9 staff of Olgreb {rPois∞}
  6451 | D:6      | Reached XP level 9. HP: 41/58 MP: 0/0
  6451 | D:6      | Learned a level 3 spell: Frozen Ramparts
  6875 | D:6      | Noticed a troll
  6881 | D:6      | Killed a troll
  7153 | D:6      | Found a staircase to the Ecumenical Temple.
  7298 | D:6      | Reached skill level 7 in Spellcasting
  7699 | D:6      | Found Uklyann's Jewellery Shoppe.
  7766 | Temple   | Entered the Ecumenical Temple
  8349 | D:7      | Noticed a gargoyle
  8367 | D:7      | Killed from afar by a gargoyle

Illustrated notes

Levels and vault maps discovered:
D:1:      erik_arrival_cave_to_civilisation [erik_arrival_cave_to_temple],
          layout_basic, minmay_misc_feat_tower, hangedman_feature_mirror
D:2:      layout_loops_corners
D:3:      layout_loops_ring, elyvilon_altar_5, jmf_multi_god_temple
D:4:      cheibrodos_thug_alley, layout_loops_corners,
          grunt_temple_overflow_forces_of_nature, minmay_bisected
D:5:      layout_rooms, lightli_temple_of_fire, minmay_stone_trees_small,
          minmay_guarded_unrand_staff_of_olgreb
D:6:      layout_basic, minmay_temple_entry_trees, serial_shops,
          nicolae_shop_behind_doors, minmay_holes
D:7:      layout_basic
Temple:   eino_temple_water

Skill      XL: |  1  2  3  4  5  6  7  8  9 |
---------------+----------------------------+-----
Spellcasting   | 3 4 5 6 7 |  7.4
Stealth        | 2 3 4 |  4.4
Dodging        | 3 4 |  4.9
Polearms       | 1 2 3 |  3.5
Fighting       | 1 2 |  2.7
Maces & Flails | |  0.5
Shields        | |  0.4
Unarmed Combat | |  0.4

Action                   |  1- 3 |  4- 6 |  7- 9 || total
-------------------------+-------+-------+-------++-------
Melee: Unarmed           |     4 |       |       ||     4
       Mace              |     6 |     8 |       ||    14
       Dagger            |     1 |       |       ||     1
       Spear             |       |    35 |   100 ||   135
 Cast: Foxfire           |    55 |    67 |    83 ||   205
       Scorch            |     5 |    11 |    31 ||    47
       Flame Wave        |       |       |     8 ||     8
  Use: Scroll            |       |    10 |     6 ||    16
 Stab: Sleeping          |     1 |     4 |     1 ||     6
       Distracted        |       |       |     1 ||     1
Armor: Robe              |     6 |    17 |    52 ||    75
Dodge: Dodged            |    21 |    36 |   108 ||   165
Block: Other             |       |       |     5 ||     5

Table legend: (Time is in decaauts)
 A = Elapsed time spent in this place.
 B = Non-inter-level travel time spent in this place.
 C = Inter-level travel time spent in this place.
 D = Time resting spent in this place.
 E = Time spent auto-exploring this place.
 F = Levels seen in this place.
 G = Mean time per level.
                   A        B        C        D        E       F      G
               +--------+--------+--------+--------+--------+-----+--------+
         Total |   8376 |   8158 |    218 |    758 |   6419 |   8 | 1047.0 |
       Dungeon |   7924 |   7733 |    191 |    758 |   6007 |   7 | 1132.0 |
        Temple |    452 |    425 |     27 |      0 |    412 |   1 |  452.0 |
               +--------+--------+--------+--------+--------+-----+--------+

Top non-repeatable levels by time:
     D:4: 1757 daAuts
     D:5: 1509 daAuts
     D:1: 1327 daAuts
     D:2: 1178 daAuts
     D:3: 1088 daAuts
     D:6: 927 daAuts
  Temple: 452 daAuts
     D:7: 133 daAuts
